 Dungeon Crawl Stone Soup version 0.20.1-1-g8b1a95d (webtiles) character file.

256 letownia2 the Grave Robber (level 5, -6/42 HPs)
             Began as a Deep Dwarf Necromancer on Nov 25, 2017.
             Killed by divine providence
             ... invoked by an orc priest
              (11 damage)
             ... on level 4 of the Dungeon.
             The game lasted 00:09:26 (2818 turns).

letownia2 the Grave Robber (Deep Dwarf Necromancer) Turns: 2818, Time: 00:09:27

Health: -6/42      AC:  7    Str: 12    XL:     5   Next: 92%
Magic:  1/9        EV: 10    Int: 16    God:
Gold:   124        SH:  0    Dex: 13    Spells: 6/10 levels left

rFire    . . .     SeeInvis +   q - +0 spear
rCold    . . .     Gourm    .   (no shield)
rNeg     . . .     Faith    .   l - +0 ring mail (curse)
rPois    .         Spirit   .   (no helmet)
rElec    .         Reflect  .   t - +0 cloak
rCorr    .         Harm     .   d - +0 pair of gloves
MR       .....                  (no boots)
Stlth    +.........             (no amulet)
Regen    0.0/turn               e - ring of see invisible
MPRegen  0.2/turn               o - ring of flight

@: non-regenerating, heavily drained
A: damage resistance, heal wounds, sense surroundings 1, no regeneration
a: Heal Wounds, Evoke Flight


You were on level 4 of the Dungeon.
You were hungry.

You visited 1 branch of the dungeon, and saw 4 of its levels.

You collected 124 gold pieces.

Inventory:

Hand Weapons
 a - a +0 dagger
 q - a +0 spear (weapon)
Missiles
 i - 7 tomahawks (quivered)
Armour
 d - a +0 pair of gloves (worn)
 l - a cursed +0 ring mail (worn)
 t - a +0 cloak (worn)
 A - a +0 leather armour
Jewellery
 e - a ring of see invisible (left hand)
 o - a ring of flight (right hand)
 v - an uncursed amulet of harm
Wands
 B - a wand of flame (28/48)
Scrolls
 m - a scroll of magic mapping {unknown}
 n - a scroll of teleportation {unknown}
 s - 2 scrolls of remove curse
 u - a scroll of enchant armour {unknown}
 w - a scroll of enchant weapon {unknown}
 y - a scroll of immolation {unknown}
Potions
 f - a potion of flight {unknown}
 h - 2 potions of curing
 j - a potion of haste {unknown}
 k - a potion of degeneration {unknown}
 p - a potion of resistance {unknown}
 r - a potion of heal wounds {unknown}
 z - a potion of ambrosia {unknown}
Books
 b - a book of Necromancy

   Spells                             Type                      Level
   a - Pain                           Necromancy                   1
   b - Animate Skeleton               Necromancy                   1
   c - Vampiric Draining              Necromancy                   3
   d - Regeneration                   Charms/Necromancy            3
   e - Animate Dead                   Necromancy                   4
   f - Control Undead                 Necromancy                   4
Comestibles
 c - a bread ration
 g - 4 fruits
 x - 3 chunks of flesh


   Skills:
 - Level 2.1(0.9) Dodging
 - Level 2.4(1.1) Stealth
 - Level 3.3(1.9) Spellcasting
 + Level 6.9(5.5) Necromancy


You had 6 spell levels left.
You knew the following spells:

 Your Spells              Type           Power        Failure   Level  Hunger
a - Pain                  Necr           ###.         4%          1    #......
v - Vampiric Draining     Necr           ###.......   14%         3    ###....


Dungeon Overview and Level Annotations

Branches:
Dungeon (4/15)
 Temple: D:4-7

Altars:
Okawaru
Ru

Annotations:
D:4 exclusion: centaur, ThereIsNoGod's ghost, amateur MiHu


Innate Abilities, Weirdness & Mutations

You are resistant to damage.
You can heal yourself by infusing magical energy.
You passively map a small area around you.
You do not regenerate.


Message History

Beogh smites you!
You see here a wand of flame (?/48).
B - a wand of flame (?/48)
The orc closely misses you.
The orc priest invokes the aid of Beogh against you.
Beogh smites you!
* * * LOW HITPOINT WARNING * * *
A jackal comes into view.
The jackal barks!
Found a bronze ring. 3 jackals come into view.
The jackal barks! x2; You hear an angry hiss.
The jackal moves out of view.
A leopard gecko comes into view.
A worker ant comes into view.
The worker ant twitches its antennae in your direction.
The jackal barks!
The orc priest invokes the aid of Beogh against you.
Beogh smites you!
You die...

* * ### #........ , ,
... .?.>!.... *
###########.###........
............#.#........*
,............#.#........
......=.#.....#....... *
...h.h#h###.#.#...#####
.......ho.o.o..†......#
a.....l@###.#........##
.###..#.%............# ,
#. #.###.#........# #,
............#### * **
#####.........# , ,
#.......#.# ,
#.#.#.#.#.# , , ,
#.#.......#
...###.#######


You could see a worker ant, an orc priest, 2 orcs, a leopard gecko and 4
jackals.

Vanquished Creatures
  A hound (D:4)
  An iguana (D:4)
  2 worker ants (D:4)
  10 adders
  3 dart slugs
  2 leopard geckos
  An orc (D:4)
  5 bats
  4 giant cockroaches
  6 goblins
  5 hobgoblins
  6 jackals
  A quokka (D:3)
  3 ball pythons (D:3)
  4 frilled lizards
  3 kobolds (D:1)
  5 rats
62 creatures vanquished.

Notes
Turn   | Place    | Note
-------+----------+-------------------------------------------
     0 | D:1      | letownia2 the Deep Dwarf Necromancer began the quest for the Orb.
     0 | D:1      | Reached XP level 1. HP: 15/15 MP: 3/3
   190 | D:1      | Reached XP level 2. HP: 22/22 MP: 1/5
   446 | D:2      | Reached skill level 5 in Necromancy
   540 | D:2      | Reached XP level 3. HP: 28/28 MP: 3/6
   545 | D:2      | Learned a level 3 spell: Vampiric Draining
   567 | D:2      | Found a sacrificial altar of Ru.
  1083 | D:2      | Reached XP level 4. HP: 30/36 MP: 0/8
  1399 | D:4      | Noticed ThereIsNoGod's ghost (amateur MiHu)
  1405 | D:4      | Reached XP level 5. HP: 4/42 MP: 0/9
  1579 | D:4      | Found an iron altar of Okawaru.
  1623 | D:4      | Noticed a centaur
  1670 | D:4      | Reached skill level 6 in Necromancy
  2402 | D:4      | HP: 2/42 [centaur/arrow (2)]
  2818 | D:4      | Killed from afar by an orc priest

Skill      XL: |  1  2  3  4  5 |
---------------+----------------+-----
Spellcasting   | 2 3 |  3.3
Necromancy     | 5 6 |  6.9
Dodging        | |  2.1
Stealth        | |  2.4

Action                   |  1- 3 |  4- 6 || total
-------------------------+-------+-------++-------
Melee: Dagger            |     1 |       ||     1
       Spear             |       |    52 ||    52
Throw: Tomahawk          |     1 |     5 ||     6
 Cast: Pain              |    44 |    23 ||    67
       Vampiric Draining |     2 |    33 ||    35
  Use: Scroll            |       |     1 ||     1
       Potion            |       |     1 ||     1
  Eat: Chunk             |     1 |     9 ||    10
Armor: Robe              |     3 |    56 ||    59
       Ring mail         |       |    20 ||    20
Dodge: Dodged            |     3 |   153 ||   156
